 Dungeon Crawl Stone Soup version 0.31-a0-277-g31ea1f65cc (webtiles) character file.

Game seed: 8047233247008183292

1136 LustLizard the Ruffian (level 8, -2/55 HPs)
             Began as an Octopode Shapeshifter on July 15, 2023.
             Slain by a gnoll
             ... wielding a +0 spear
              (4 damage)
             ... on level 6 of the Dungeon.
             The game lasted 00:08:40 (4603 turns).

LustLizard the Ruffian (Octopode Shapeshifter)      Turns: 4603, Time: 00:08:40

Health: -2/55      AC:  1    Str: 16    XL:     8   Next: 36%
Magic:  8/8        EV: 13    Int: 10    God:
Gold:   136        SH:  0    Dex: 13    Spells: 7/7 levels left

rFire   . .          .
                       - Unarmed
rCold   . . .        (no shield)
rNeg    . . .        (helmet currently unavailable)
rPois   +            (no amulet)
rElec   .            i - ring of poison resistance
rCorr   .            (no ring)
SInv    .            (no ring)
Will    .....        (no ring)
Stlth   ++           (no ring)
HPRegen 0.29/turn    (no ring)
MPRegen 0.11/turn    (no ring)
                     (no ring)

%: no passive effects
@: brilliant, beast-form, weakened, hasted, invisible, very quick
A: beast (slay +3), almost no armour, amphibious, 8 rings, camouflage 1,
gelatinous body 1, (nimble swimmer 1), tentacles
a: Begin Untransformation


You were on level 6 of the Dungeon.
You were a hulking beast.
You visited 1 branch of the dungeon, and saw 6 of its levels.

You collected 208 gold pieces.
You spent 72 gold pieces at shops.

Inventory:

Missiles
 e - 4 curare-tipped darts
 o - 13 poisoned darts
Jewellery
 i - a ring of poison resistance (left tentacle)
Talismans
 b - a beast talisman
Wands
 u - a wand of charming (7)
Scrolls
 g - 2 scrolls of identify
 h - 2 scrolls of enchant weapon {unknown}
 k - a scroll of poison {unknown}
 m - a scroll of revelation {unknown}
 n - 2 scrolls of fog {unknown}
 q - a scroll of torment {unknown}
 s - 2 scrolls of vulnerability {unknown}
Potions
 a - 2 potions of lignification
 d - a potion of mutation
 j - a potion of heal wounds {unknown}
 l - a potion of experience {unknown}
 r - a potion of haste
 t - a potion of berserk rage {unknown}
 v - 2 potions of attraction {unknown}
 w - a potion of invisibility
 x - a potion of magic {unknown}


   Skills:
 + Level 5.1 Fighting
 - Level 2.0 Dodging
 * Level 7.1 Unarmed Combat
 + Level 5.0 Shapeshifting


You had 7 spell levels left.
You didn't know any spells.
Your spell library contained the following spells:

 Spells                   Type           Power      Damage    Failure   Level
 Dazzling Flash           Conj/Hex       0%         N/A       75%         3
 Ozocubu's Armour         Ice            0%         N/A       75%         3
 Agony                    Necr           0%         N/A       100%        5
 Silence                  Hex/Air        0%         N/A       100%        5
 Ozocubu's Refrigeration  Ice            0%         4d7       100%        7


Dungeon Overview and Level Annotations

Branches:
Dungeon (6/15)
 Temple: D:4-7

Altars:
Cheibriados

Shops:
D:2 *

Annotations:
D:6 Maggie


Innate Abilities, Weirdness & Mutations

You are a hulking beast.
Your limbs bulge with bestial killing power. (Slay +3)
You cannot wear most types of armour.
You are amphibious.
You can wear up to eight rings at the same time.
Your skin changes colour to match your surroundings (Stealth+).
Your rubbery body absorbs attacks. (AC +1, EV +1)
((You are camouflaged when in or above water. (Stealth+)))
You have tentacles for arms and can constrict up to eight enemies at once.


Message History

You are no longer entranced.
An iguana comes into view.
The scorpion attacks as you move away! The scorpion barely misses you.
The scorpion stings you.
* * * LOW HITPOINT WARNING * * *
As you read the scroll of teleportation, it crumbles to dust.
You feel strangely unstable. The scorpion closely misses you.
The scorpion attacks as you move away! The scorpion closely misses you.
Your surroundings suddenly seem different.
As you read the scroll of teleportation, it crumbles to dust.
You feel strangely unstable.
The helpless gnoll bouda fails to defend itself.
You bludgeon the gnoll bouda! You grab the gnoll bouda.
The gnoll bouda is severely wounded.
You constrict the gnoll bouda.
The gnoll bouda gazes fiercely through you!
You feel your attacks grow feeble. The gnoll bouda barely misses you.
Maggie zaps a wand.
You resist with some effort.
You tentacle-slap the gnoll bouda.
You kill the gnoll bouda!
Maggie hits you with a +0 war axe!
* * * LOW HITPOINT WARNING * * *
Your Shapeshifting skill increases to level 5!
Unknown command.
Okay, then.
Things that are here:
a +0 whip; a +0 robe; a gnoll corpse You fade into invisibility!
Your surroundings suddenly seem different. 2 gnolls, a gnoll sergeant, 2 orcs and 2 orc priests come into view.
The gnoll sergeant is wielding a +0 heavy spear.
Found a scroll of identify and a cyan potion.
Unknown command.
Okay, then.
It was a potion of haste.
You feel yourself speed up.
It was a potion of brilliance.
You feel clever all of a sudden. The gnoll hits you with a +0 spear.
You die...

###..
.@...>..........
# ...
#...........##).
# ##
##.........## .
# ##.#....## # #
.# .# ''#. ...
..... ###.
####o.....
#?hoo...g.
#g.'......
####......
...... #g'#. ..#
.# #


You could see a gnoll sergeant (wandering, unable to see you), an orc priest
(wandering, unable to see you), 2 gnolls and 2 orcs.

Vanquished Creatures
  Sigmund (D:3)
  A sky beast (D:6)
  A phantom (D:5)
  Blork the orc (D:4)
  2 scorpions
  2 hounds
  A gnoll bouda (D:6)
  Crazy Yiuf (D:2)
  A jelly (D:4)
  Ijyb (D:3)
  Natasha (thrice) (D:2)
  An iguana (D:5)
  5 orc wizards
  3 gnolls (D:5)
  8 adders
  An ufetubus (D:5)
  A worm (D:2)
  3 dart slugs
  11 orcs
  4 ball pythons
  6 endoplasms
  7 giant cockroaches
  5 goblins
  2 hobgoblins
  3 jackals
  4 quokkas
  6 bats
  A frilled lizard (D:1)
  4 kobolds
  A rat (D:2)
91 creatures vanquished.

Vanquished Creatures (collateral kills)
  A gnoll bouda (D:5)
  A gnoll (D:5)
2 creatures vanquished.

Vanquished Creatures (others)
  A gnoll (D:5)
1 creature vanquished.

Grand Total: 94 creatures vanquished

Notes
Turn   | Place    | Note
-------+----------+-------------------------------------------
     0 | D:1      | LustLizard the Octopode Shapeshifter began the quest for
                  | the Orb.
     0 | D:1      | Reached XP level 1. HP: 14/14 MP: 1/1
   111 | D:1      | Reached XP level 2. HP: 19/19 MP: 2/2
   433 | D:1      | Reached XP level 3. HP: 9/25 MP: 3/3
   645 | D:2      | Noticed Natasha
   662 | D:2      | Killed Natasha
   663 | D:2      | Reached skill level 3 in Unarmed Combat
   740 | D:2      | Reached XP level 4. HP: 24/30 MP: 4/4
   774 | D:2      | Noticed Natasha
   779 | D:2      | Found Ruuboe's Assorted Antiques.
   782 | D:2      | Killed Natasha
   923 | D:2      | Noticed Natasha
   930 | D:2      | Killed Natasha
   931 | D:2      | Reached XP level 5. HP: 26/36 MP: 5/5
  1080 | D:2      | Found a runed translucent door.
  1081 | D:2      | Noticed Crazy Yiuf
  1338 | D:2      | Bought a scroll labelled WEMOSE ANICH for 25 gold pieces
  1338 | D:2      | Bought a scroll labelled XAANICAYJE for 25 gold pieces
  1338 | D:2      | Bought a cyan potion for 22 gold pieces
  1373 | D:3      | Reached skill level 4 in Unarmed Combat
  1499 | D:3      | Noticed Sigmund
  1667 | D:3      | Noticed Ijyb
  1673 | D:3      | Killed Ijyb
  1784 | D:3      | Found a faded altar of an unknown god.
  2378 | D:4      | Reached XP level 6. HP: 38/42 MP: 6/6
  2458 | D:4      | Noticed Blork the orc
  2467 | D:4      | Killed Blork the orc
  2468 | D:4      | Reached skill level 5 in Unarmed Combat
  2579 | D:4      | Reached XP level 7. HP: 19/47 MP: 7/7
  3075 | D:2      | Killed Crazy Yiuf
  3179 | D:3      | Killed Sigmund
  3180 | D:3      | Reached skill level 6 in Unarmed Combat
  3353 | D:5      | Entered Level 5 of the Dungeon
  3552 | D:5      | HP: 1/49 [gnoll/+0 halberd[a gnoll bouda] (11)]
  3554 | D:5      | Reached XP level 8. HP: 12/54 MP: 8/8
  4437 | D:6      | Reached skill level 5 in Fighting
  4441 | D:6      | Noticed Maggie
  4566 | D:6      | Found a snail-covered altar of Cheibriados.
  4583 | D:6      | Reached skill level 7 in Unarmed Combat
  4599 | D:6      | HP: 1/55 [Maggie/+0 war axe (13)]
  4600 | D:6      | Reached skill level 5 in Shapeshifting
  4603 | D:6      | Slain by a gnoll

Illustrated notes

Levels and vault maps discovered:
D:1:      wheals_arrival_shading, layout_rooms, chequers_serial_rivers_micro_b,
          minivault_4, minmay_worlds_worst_comb
D:2:      layout_rooms, serial_shops, shop, uniq_natasha,
          uniq_crazy_yiuf_cottage
D:3:      layout_basic, hellmonk_ecumenical_altar_heavens_door, uniq_sigmund,
          uniq_ijyb
D:4:      layout_basic, grunt_ministairs_1, uniq_blork_the_orc
D:5:      layout_basic
D:6:      layout_cave_pools, overflow_temple_1_default, serial_gnoll_camp,
          gnoll_camp_mini_loothouse, gnoll_camp_mini_hut, gnoll_camp_mini_hut,
          gnoll_camp_huts_basic, uniq_maggie

Skill      XL: |  1  2  3  4  5  6  7  8 |
---------------+-------------------------+-----
Unarmed Combat | 3 4 5 6 7 |  7.1
Fighting       | 3 4 5 |  5.1
Shapeshifting  | 4 5 |  5.0
Dodging        | |  2.0

Action                     |  1- 3 |  4- 6 |  7- 9 || total
---------------------------+-------+-------+-------++-------
  Melee: Unarmed           |    59 |    73 |    74 ||   206
         Constrict         |    13 |    17 |    13 ||    43
         Tentacles         |     7 |    13 |    15 ||    35
         Punch             |     1 |     2 |     1 ||     4
  Throw: Dart              |       |       |     3 ||     3
  Evoke: Wand              |       |       |     1 ||     1
    Use: Scroll            |       |     2 |     5 ||     7
         Potion            |       |       |     5 ||     5
   Stab: Sleeping          |     5 |     7 |     4 ||    16
 Armour: Skin              |     5 |     3 |     1 ||     9
  Dodge: Dodged            |    44 |    36 |    45 ||   125

Table legend: (Time is in decaauts)
 A = Elapsed time spent in this place.
 B = Non-inter-level travel time spent in this place.
 C = Inter-level travel time spent in this place.
 D = Time resting spent in this place.
 E = Time spent auto-exploring this place.
 F = Levels seen in this place.
 G = Mean time per level.
                   A        B        C        D        E       F      G
               +--------+--------+--------+--------+--------+-----+--------+
         Total |   4586 |   4157 |    429 |    133 |   3256 |   6 |  764.3 |
       Dungeon |   4586 |   4157 |    429 |    133 |   3256 |   6 |  764.3 |
               +--------+--------+--------+--------+--------+-----+--------+

Top non-repeatable levels by time:
     D:5: 1112 daAuts
     D:3: 1101 daAuts
     D:4: 890 daAuts
     D:2: 738 daAuts
     D:1: 612 daAuts
     D:6: 130 daAuts
